 Dungeon Crawl Stone Soup version 0.17.0-24-gcfadda4 (webtiles) character file.

742 Peloso the Shield-Bearer (level 7, -3/61 HPs)
             Began as a Minotaur Fighter on Nov 15, 2015.
             Killed by divine providence
             ... invoked by an orc priest
              (12 damage)
             ... on level 6 of the Dungeon.
             The game lasted 00:13:22 (3761 turns).

Peloso the Shield-Bearer (Minotaur Fighter)         Turns: 3761, Time: 00:13:22

Health: -3/61      AC: 15    Str: 21    XL:     7   Next: 47%
Magic:  6/6        EV:  6    Int:  5    God:
Gold:   277        SH: 10    Dex: 11    Spells: 0 memorised, 6 levels left

rFire  . . .     SeeInvis +     a - +1 long sword
rCold  . . .     Clarity  .     y - +0 plate armour
rNeg   . . .     SustAt   .     c - +0 shield
rPois  .         Gourm    .     (helmet restricted)
rElec  .         Spirit   .     i - +1 cloak
rCorr  .         Warding  .     (no gloves)
rMut   .         Stasis   .     (no boots)
MR     .....                    (no amulet)
Stlth  ..........               (no ring)
                                v - ring of see invisible

@: about to teleport, not resistant to hostile enchantments, extremely
unstealthy
A: retaliatory headbutt, horns 2
a: no special abilities


You were on level 6 of the Dungeon.
You were hungry.

You visited 1 branch of the dungeon, and saw 6 of its levels.

You collected 277 gold pieces.

Inventory:

Hand Weapons
 a - a +1 long sword (weapon)
Armour
 b - a +0 scale mail
 c - a +0 shield (worn)
 i - a +1 cloak (worn)
 y - a +0 plate armour (worn)
Jewellery
 u - a cursed ring of teleportation
 v - a ring of see invisible (left hand)
 D - an uncursed amulet of clarity {unknown}
Wands
 f - a wand of lightning (12)
Scrolls
 h - a scroll of magic mapping
 j - a scroll of enchant weapon
 m - 2 scrolls of blinking
 n - 3 scrolls of identify
 o - a scroll of random uselessness
 w - a scroll of remove curse
 E - a scroll of fog {unknown}
Potions
 d - a potion of might
 g - 2 potions of cancellation
 k - a potion of ambrosia {unknown}
 l - a potion of beneficial mutation {unknown}
 p - 3 potions of poison {unknown}
 q - 2 potions of curing {unknown}
 s - 2 potions of cure mutation {unknown}
 B - 2 potions of heal wounds {unknown}
Books
 x - a book of Callings

   Spells                             Type                      Level
   a - Summon Small Mammal            Summoning                    1
   b - Call Imp                       Summoning                    2
   c - Call Canine Familiar           Summoning                    3
   d - Summon Guardian Golem          Hexes/Summoning              3
   e - Summon Lightning Spire         Summoning/Air                4
   f - Summon Ice Beast               Ice/Summoning                4
Comestibles
 e - 3 bread rations
 r - 2 slices of pizza
 z - 2 royal jellies
 A - 2 meat rations
 C - 2 beef jerkies


   Skills:
 + Level 5.4 Fighting
 + Level 3.8 Long Blades
 + Level 6.1 Armour
 + Level 3.2 Dodging
 + Level 0.1 Stealth
 + Level 6.7 Shields


You had 6 spell levels left.
You didn't know any spells.

Dungeon Overview and Level Annotations

Branches:
Dungeon (6/15)
 Temple: D:4-7

Altars:
Ashenzari
Fedhas
Gozag
Nemelex Xobeh
Yredelemnul

Shops:
D:2 *


Innate Abilities, Weirdness & Mutations

You reflexively headbutt those who attack you in melee.
You have a pair of horns on your head.


Message History

You hit the orc warrior but do no damage.
The orc warrior is lightly wounded.
The orc warrior barely misses you. You furiously retaliate!
You headbutt the orc warrior, but do no damage.
You hit the orc warrior but do no damage.
The orc warrior is lightly wounded.
You block the orc warrior's attack.
Your shield and plate armour prevent you from hitting the orc warrior.
You headbutt the orc warrior, but do no damage.
The orc warrior is lightly wounded.
The orc priest invokes the aid of Beogh against you.
Something smites you!
The orc warrior hits you with a long sword!
* * * LOW HITPOINT WARNING * * *
Read which item? (? for menu, Esc to quit)
As you read the scroll of teleportation, it crumbles to dust.
You feel strangely unstable. You block the orc warrior's attack.
The orc priest mumbles some strange prayers to Beogh against you.
Something smites you!
You die...

#........ #.#.#####.#'
#........ #.#.# #... #....(...
#.#.# #... #.o?..... #.#.# #...
#oo...... #.#.# #... #....=...
#.#.# #... #........ #.#.# #.#.
#........#########.#.#####.#.
+.......ooo.@......#.......#.
#........###################.
###########..............<....
##_#####.#.#.#############.####
#..#.#.#.#.8.# #.#
##...........# #.#
##...........# #.#
#_.#.#.#.#.8## ####.#
####⌠######## #....#


You could see an orc warrior, an orc priest and an orc.

Vanquished Creatures
  A giant frog (D:6)
  A crimson imp (D:6)
  A jelly (D:6)
  An orc priest (D:6)
  2 hounds (D:4)
  A giant frog skeleton (D:6)
  A gnoll shaman (D:4)
  5 worker ants
  Terence (D:2)
  An iguana (D:5)
  Natasha (thrice) (D:4)
  2 hound skeletons
  8 adders
  6 gnolls
  An ooze (D:3)
  2 adder skeletons (D:4)
  5 giant geckos
  9 orcs
  A ball python (D:3)
  8 bats
  5 giant cockroaches
  7 goblins
  9 hobgoblins
  3 quokkas
  A giant gecko skeleton (D:4)
  10 giant newts
  5 jackals (D:1)
  10 kobolds
  A quokka skeleton (D:6)
  6 rats
117 creatures vanquished.

Notes
Turn   | Place    | Note
--------------------------------------------------------------
     0 | D:1      | Peloso the Minotaur Fighter began the quest for the Orb.
     0 | D:1      | Reached XP level 1. HP: 19/19 MP: 0/0
   180 | D:1      | Reached XP level 2. HP: 27/27 MP: 1/1
   208 | D:1      | Reached skill level 4 in Shields
   562 | D:2      | Reached XP level 3. HP: 23/33 MP: 2/2
   766 | D:2      | Found Gozag's Platinum Reserve.
   881 | D:2      | Reached skill level 1 in Dodging
   952 | D:2      | Reached XP level 4. HP: 25/40 MP: 3/3
   975 | D:2      | Found an opulent altar of Gozag.
   975 | D:2      | Noticed Terence
   985 | D:2      | Killed Terence
   985 | D:2      | Reached skill level 5 in Shields
  1373 | D:3      | Found a faded altar to an unknown god.
  1391 | D:3      | Became a worshipper of Ashenzari the Shackled
  1391 | D:3      | Reached * piety under Ashenzari
  1391 | D:3      | Fell from the grace of Ashenzari
  1521 | D:3      | Reached XP level 5. HP: 19/47 MP: 4/4
  2094 | D:4      | Noticed Natasha
  2105 | D:4      | Killed Natasha
  2266 | D:4      | Noticed Natasha
  2268 | D:4      | Killed Natasha
  2291 | D:4      | Reached XP level 6. HP: 51/55 MP: 5/5
  2399 | D:4      | Was forgiven by Ashenzari
  2446 | D:4      | Noticed Natasha
  2450 | D:4      | Killed Natasha
  2463 | D:4      | Reached skill level 5 in Armour
  2469 | D:4      | Reached skill level 5 in Fighting
  2478 | D:4      | Reached skill level 6 in Shields
  2609 | D:4      | Found a blossoming altar of Fedhas.
  2715 | D:5      | Entered Level 5 of the Dungeon
  2876 | D:5      | You fall through a shaft!
  3063 | D:6      | Reached XP level 7. HP: 58/61 MP: 6/6
  3659 | D:6      | Found a basalt altar of Yredelemnul.
  3664 | D:6      | Found a sparkling altar of Nemelex Xobeh.
  3761 | D:6      | Killed from afar by an orc priest

Action                   |  1- 3 |  4- 6 |  7- 9 || total
-------------------------+-------+-------+-------++-------
Melee: Long sword        |   122 |   171 |    70 ||   363
Invok: Renounce Religion |       |     1 |       ||     1
  Use: Scroll            |       |    10 |     1 ||    11
  Eat: Chunk             |       |     7 |     2 ||     9
